 Dungeon Crawl Stone Soup version 0.23-a0-407-g92528d7 (webtiles) character file.

28 Bacchus the Conjurer (level 3, -5/26 HPs)
             Began as a Hill Orc Air Elementalist on Nov 7, 2018.
             Killed from afar by Natasha (9 damage)
             ... with a magic dart
             ... on level 1 of the Dungeon.
             The game lasted 00:08:50 (1180 turns).

Bacchus the Conjurer (Hill Orc Air Elementalist)    Turns: 1180, Time: 00:08:50

Health: -5/26      AC:  2    Str: 11    XL:     3   Next: 14%
Magic:  1/5        EV: 12    Int: 15    God:
Gold:   91         SH:  0    Dex: 11    Spells: 4/5 levels left

rFire    . . .     SeeInvis .   q - +0 hunting sling
rCold    . . .     Gourm    .   (no shield)
rNeg     . . .     Faith    .   i - +0 robe
rPois    .         Spirit   .   (no helmet)
rElec    .         Reflect  .   m - scarf {repulsion}
rCorr    .         Harm     .   (no gloves)
MR       .....                  (no boots)
Stlth    ++........             (no amulet)
HPRegen  0.08/turn              (no ring)
MPRegen  0.09/turn              (no ring)

@: slowed, repel missiles, very slow
A: no striking features
a: no special abilities


You were on level 1 of the Dungeon.
You were hungry.

You visited 1 branch of the dungeon, and saw 2 of its levels.

You collected 91 gold pieces.

Inventory:

Hand Weapons
 a - a +0 mace
   (You found it on level 1 of the Dungeon)
 q - a +0 hunting sling (weapon)
   (You found it on level 2 of the Dungeon)
Missiles
 g - 14 bolts
 r - 39 sling bullets (quivered)
Armour
 i - a +0 robe (worn)
 m - a scarf of repulsion (worn)
   (You found it on level 2 of the Dungeon)
Scrolls
 d - a scroll of fear {unknown}
 e - a scroll of enchant weapon {unknown}
 f - a scroll of blinking {unknown}
 h - 2 scrolls of identify {unknown}
 k - a scroll of remove curse {unknown}
Potions
 b - a potion of curing {unknown}
 j - a potion of magic {unknown}
 l - 3 potions of might {unknown}
 n - a potion of berserk rage {unknown}
 o - a potion of heal wounds {unknown}
 p - a potion of flight {unknown}
Comestibles
 c - 7 rations


   Skills:
 + Level 0.2 Maces & Flails
 - Level 1.5 Dodging
 - Level 1.5 Stealth
 - Level 1.5 Spellcasting
 + Level 3.0 Conjurations
 - Level 2.4 Air Magic


You had 4 spell levels left.
You knew the following spells:

 Your Spells              Type           Power        Failure   Level  Hunger
a - Shock                 Conj/Air       #...         8%          1    ##.....

Your spell library contained the following spells:

 Spells                   Type           Power        Failure   Level  Hunger
 Swiftness                Chrm/Air       #.......     22%         2    ###....
 Static Discharge         Conj/Air       #.......     22%         3    ####...
 Airstrike                Air            #.........   65%         4    #####..
 Lightning Bolt           Conj/Air       #.........   91%         5    ######.


Dungeon Overview and Level Annotations

Branches:
Dungeon (2/15)

Altars:

Annotations:
D:1 Natasha


Message History

Firing (i - inventory)
r - 21 sling bullets (quivered)
Aim: a goblin, wielding a +0 club (hasn't noticed you)
You shoot a sling bullet.
The sling bullet barely misses the goblin.
The goblin shouts!
Aim: a goblin, wielding a +0 club The zap hits the goblin.
You now have 4/5 mp.
Firing (i - inventory)
r - 20 sling bullets (quivered)
Aim: a goblin, wielding a +0 club (moderately wounded)
You shoot a sling bullet.
The sling bullet barely misses the goblin.
Natasha, Servant of Life and Death comes into view.
Aim: a goblin, wielding a +0 club (moderately wounded)
The zap hits the goblin.
You kill the goblin!
Your Conjurations skill increases to level 3!
Natasha hisses angrily.
You are feeling hungry.
You now have 3/5 mp.
Natasha drinks a potion.
Natasha seems to speed up.
Enter note: Twat
Aim: Natasha (fast)
The zap misses Natasha.
You now have 2/5 mp.
There is a stone staircase leading up here.
Here: Natasha (fast)
The floor.
Unknown command.
Natasha howls an incantation.
Natasha glows brightly for a moment.
You climb upwards.
There is a stone staircase leading down here.
(D) Dungeon
Where to? (Enter - D:1 @ (x,y), ? - help)
r - 41 sling bullets (gained 22) MP restored: 5
There are no items here.
Unknown command.
Unknown command.
Search for what [Enter for "bullet", or ? for help]?
Unknown command.
There is a stone staircase leading down here.
Quiver which item? (- for none, * to show all) (? for menu, Esc to quit)
Okay, then.
Unknown command.
You climb downwards.
Level annotation: Natasha
There is a stone staircase leading up here.
c - 7 rations (gained 1) Natasha hisses angrily.
Firing (i - inventory)
r - 41 sling bullets (quivered)
Aim: Natasha You shoot a sling bullet.
The sling bullet hits Natasha but does no damage.
Firing (i - inventory)
r - 40 sling bullets (quivered)
Aim: Natasha You shoot a sling bullet.
The sling bullet hits Natasha but does no damage.
Aim: Natasha The zap misses Natasha.
Natasha casts a spell.
You now have 4/5 mp.
Aim: Natasha The zap hits Natasha.
Natasha casts a spell at you. The magic dart hits you!
You take 6 damage, and have 20/26 hp.
MASSIVE DAMAGE!!
You now have 3/5 mp.
Aim: Natasha (lightly wounded)
The zap misses Natasha.
Natasha hisses.
The crimson imp blinks!
You now have 2/5 mp.
Natasha stares at you and mumbles some strange words.
You feel yourself slow down.
The crimson imp blinks!
Natasha wildly gestures.
Natasha glows brightly for a moment.
Natasha mumbles some strange words.
The crimson imp blinks!
There is a stone staircase leading up here.
Natasha misses you. The shadow imp barely misses you.
Natasha barely misses you.
You climb upwards.
The crimson imp disappears in a puff of smoke!
The shadow imp disappears in a puff of smoke!
There is a stone staircase leading down here.
The zap hits Natasha.
Natasha claws you!
You take 9 damage, and have 12/26 hp.
MASSIVE DAMAGE!!
You now have 2/5 mp.
You don't know that spell.
The zap hits Natasha.
Natasha claws you!
* * * LOW HITPOINT WARNING * * *
Natasha casts a spell at you. The magic dart hits you!
You die...

#####.................#.#.#.####.
# #.........#....##.#.#...# #.
#####.........#.......#.##### #.
......................#.# #.
#####..######..#...####.# ######.
.......#....#..#...##.#.###......
.......#.##.#.......#.#..........
.####..#.##.#.#.....#............
.......#.##.#.#.@h..#.#..........
##........#÷#.####....#.#........
..........#.#.####....#..........
##........#.#.#.......###.#......
##.#........#.#............÷.....
...#..#.).................##.####
##......#####.#.......######.##.#
##......# #.######..##.........
......#.# #.# ##.###########


You could see Natasha.

Vanquished Creatures
  2 dart slugs (D:1)
  2 leopard geckos (D:1)
  3 bats
  A giant cockroach (D:1)
  3 goblins
  A hobgoblin (D:1)
  A ball python (D:1)
  6 frilled lizards
  4 kobolds (D:1)
  A rat (D:1)
24 creatures vanquished.

Notes
Turn   | Place    | Note
-------+----------+-------------------------------------------
     0 | D:1      | Bacchus the Hill Orc Air Elementalist began the quest for
                  | the Orb.
     0 | D:1      | Reached XP level 1. HP: 14/14 MP: 3/3
     0 | D:1      | beem: 17. Toan the Skirmisher (L6 KoBe of Trog), succumbed
                  | to Edmund's poison on D:3 on 2018-11-06 12:38:44, with 273
                  | points after 2911 turns and 0:09:50.
     0 | D:1      | Toan: oh yea that was a shit one.
   137 | D:1      | Toan: I'm back, what did you choose?
   138 | D:1      | Toan: HOMO?
   138 | D:1      | Bacchus: HOAE.
   139 | D:1      | Toan: huh.
   162 | D:1      | Bacchus: We're going melee.
   226 | D:1      | Toan: I demand you learn Silence
   229 | D:1      | Reached skill level 2 in Conjurations
   229 | D:1      | Toan: that's my stipulation, if you decide to accept it
   229 | D:1      | Reached XP level 2. HP: 20/20 MP: 0/4
   274 | D:1      | Toan: you're already in Air, so it's fine C:
   354 | D:1      | Bacchus: I'm thinking Okawaru.
   502 | D:1      | Bacchus: Maybe Chei or Qaz or another invo-heavy god.
   560 | D:1      | Toan: I was chatting with Bloax, who is basically Chei's
                  | TRJ and he makes it seem easy
   562 | D:1      | Toan: you just tank up and smack people with UC
   601 | D:1      | Bacchus: ??chei[10
   601 | D:1      | beem: cheibriados[10/13]: http://i.imgur.com/cGO39.png
   601 | D:1      | Toan: and then cast any spell you want
   601 | D:1      | Bacchus: ??chei[11
   601 | D:1      | beem: cheibriados[11/13]: paradoxically, the harder it is
                  | for you to play chei characters, the better you probably
                  | are at the game
   601 | D:1      | Toan: while wearing GDA
   632 | D:1      | Toan: hehe
   668 | D:1      | Bacchus: Heh heh heh.
   668 | D:1      | Reached XP level 3. HP: 26/26 MP: 1/5
  1082 | D:2      | Noticed Natasha
  1085 | D:2      | Reached skill level 3 in Conjurations
  1088 | D:2      | Twat
  1170 | D:2      | Toan: you could go Beogh. The UV4 special
  1180 | D:1      | HP: 4/26 [Natasha (8)]
  1180 | D:1      | Killed from afar by Natasha

Vault maps used:
D:1:      minmay_arrival_hallway
D:2:      minmay_wonky_spiral, uniq_natasha

Skill      XL: |  1  2  3 |
---------------+----------+-----
Conjurations   | 2 3 |  3.0
Maces & Flails | |  0.2
Dodging        | |  1.5
Stealth        | |  1.5
Spellcasting   | |  1.5
Air Magic      | |  2.4

Action                   || total
-------------------------++-------
Melee: Mace              ||     9
 Fire: Hunting sling     ||     4
 Cast: Shock             ||    42
  Eat: Chunk             ||     1
Armor: Robe              ||     2
Dodge: Dodged            ||    13

Table legend:
 A = Non-vault XP
 B = Vault XP
 C = Vault XP percentage of total XP
 D = Non-vault monster count
 E = Vault monster count
 F = Vault count percentage of total count
                 A         B        C        D         E       F
            +---------+---------+-------+---------+---------+-------
      Total |      41 |       0 |   0.0 |      24 |       0 |   0.0
            +---------+---------+-------+---------+---------+-------
        D:1 |      36 |       0 |   0.0 |      20 |       0 |   0.0
        D:2 |       5 |       0 |   0.0 |       4 |       0 |   0.0
            +---------+---------+-------+---------+---------+-------

Vault maps used:
D:1:      minmay_arrival_hallway
D:2:      minmay_wonky_spiral, uniq_natasha

Table legend:
 A = Turns spent in this place as a percentage of turns spent in the entire game.
 B = Non-inter-level travel turns spent in this place as a percentage of non-inter-level travel turns spent in the entire game.
 C = Inter-level travel turns spent in this place as a percentage of turns spent in this place.
 D = Turns resting spent in this place as a percentage of non-inter-level travel turns spent in this place.
 E = Turns spent auto-exploring this place as a percentage of non-inter-level travel turns spent in this place.
 F = Non-inter-level travel turns spent in this place divided by the number of levels of this place that you've seen.
                   A       B       C       D       E      F
               +-------+-------+-------+-------+-------+----------------------
         Total | 100.0 | 100.0 |  12.1 |  17.5 |  52.5 | 518.5
       Dungeon | 100.0 | 100.0 |  12.1 |  17.5 |  52.5 | 518.5
               +-------+-------+-------+-------+-------+----------------------

Table legend:
 A = Kills in this place as a percentage of kills in entire the game.
 B = Kills by you in this place as a percentage of kills by you in the entire game.
 C = Kills by friends in this place as a percentage of kills by friends in the entire game.
 D = Other kills in this place as a percentage of other kills in the entire game.
 E = Experience gained in this place as a percentage of experience gained in the entire game.
 F = Experience gained in this place divided by the number of levels of this place that you have seen.
                   A       B       C       D       E      F
               +-------+-------+-------+-------+-------+----------------------
         Total | 100.0 | 100.0 |   N/A |   N/A | 100.0 |  20.5
       Dungeon | 100.0 | 100.0 |   N/A |   N/A | 100.0 |  20.5
               +-------+-------+-------+-------+-------+----------------------
